 Dungeon Crawl Stone Soup version 0.28.0-45-g0d030f2227 (webtiles) character file.

Game seed: 17415578168344547318

242 Descartes the Ruffian (level 5, -2/48 HPs)
             Began as a Troll Warper on Apr 5, 2022.
             Was a Believer of Nemelex Xobeh.
             Slain by an adder (3 damage)
             ... on level 4 of the Dungeon.
             The game lasted 00:04:03 (2273 turns).

Descartes the Ruffian (Troll Warper)                Turns: 2273, Time: 00:04:03

Health: -2/48      AC:  5    Str: 19    XL:     5   Next: 81%
Magic:  5/5        EV: 10    Int: 13    God:    Nemelex Xobeh [**....]
Gold:   82         SH:  0    Dex:  7    Spells: 6/6 levels left

rFire   . . .      SeeInvis .     - Unarmed
rCold   . . .      Faith    .   (no shield)
rNeg    . . .      Spirit   .   a - +1 robe
rPois   .          Reflect  .   (helmet restricted)
rElec   .          Harm     .   (no cloak)
rCorr   .          Rampage  .   (gloves unavailable)
Will    .....                   (boots unavailable)
Stlth   +.........              (no amulet)
HPRegen 0.96/turn               (no ring)
MPRegen 0.09/turn               (no ring)

@: lethally poisoned (-2 -> -2), hasted, very quick
A: large, unfitting armour, claws 3, regeneration 1, shaggy fur 1, tough skin 1,
clever 1, clumsy 1, wild magic 1
a: Renounce Religion, Draw Escape, Draw Destruction, Draw Summoning


You were on level 4 of the Dungeon.
You worshipped Nemelex Xobeh.
Nemelex Xobeh was pleased with you.
You visited 1 branch of the dungeon, and saw 4 of its levels.

You collected 82 gold pieces.

Inventory:

Missiles
 c - 5 boomerangs of dispersal (quivered)
 h - 3 poisoned darts
 i - a stone
 k - 7 boomerangs
Armour
 a - a +1 robe (worn)
Jewellery
 g - a ring of magical power
 n - a ring of flight
Scrolls
 b - a scroll of blinking
 e - a scroll of brand weapon {unknown}
 f - a scroll of vulnerability


   Skills:
 - Level 1.5 Fighting
 - Level 0.8 Throwing
 + Level 3.1 Dodging
 + Level 3.5 Unarmed Combat
 - Level 1.2 Spellcasting
 + Level 3.1 Translocations
 + Level 2.0 Invocations


You had 6 spell levels left.
You didn't know any spells.
Your spell library contained the following spells:

 Spells                   Type           Power      Damage    Failure   Level
 Apportation              Tloc           22%        N/A       12%         1
 Blink                    Tloc           22%        N/A       17%         2
 Gell's Gravitas          Tloc           11%        N/A       30%         3
 Lesser Beckoning         Tloc           11%        N/A       30%         3
 Teleport Other           Tloc           11%        N/A       30%         3
 Animate Skeleton         Necr           2%         N/A       36%         1
 Summon Small Mammal      Summ           4%         N/A       36%         1
 Ensorcelled Hibernation  Hex/Ice        2%         N/A       47%         2
 Spider Form              Tmut/Pois      1%         N/A       71%         3
 Manifold Assault         Tloc           11%        N/A       95%         5
 Anguish                  Hex/Necr       0%         N/A       97%         4
 Olgreb's Toxic Radiance  Pois           1%         N/A       97%         4
 Ozocubu's Refrigeration  Ice            0%         4d5       100%        7
 Ignition                 Fire           0%         3d3       100%        8


Dungeon Overview and Level Annotations

Branches:
Dungeon (4/15)
 Temple: D:4-7

Altars:
Fedhas
Nemelex Xobeh


Innate Abilities, Weirdness & Mutations

You are too large for most types of armour.
You have claws for hands.
Your natural rate of healing is unusually fast.
You are covered in fur. (AC +1)
You have tough skin. (AC +1)
Your mind is acute. (Int +2)
You are clumsy. (Dex -2)
Your spells are a little harder to cast, but a little more powerful.


Message History

You are no longer poisoned.
The orc priest looks satisfied for a moment.
The adder bites you.
You are poisoned.
The adder poisons you!
You feel sick.
You feel sick.
You feel sick.
You feel sick.
The orc priest calls down the wrath of Beogh upon you.
Beogh smites you!
* * * LOW HITPOINT WARNING * * *
The adder bites you.
* * * LOW HITPOINT WARNING * * *
You feel sick.
You are no longer poisoned.
The orc priest miscasts a cantrip.
The adder bites you but does no damage.
You miss the adder.
The adder is moderately wounded.
The adder closely misses you.
You scratch the adder but do no damage.
The adder is moderately wounded.
The adder closely misses you.
You scratch the adder.
The adder is almost dead.
The adder bites you.
* * * LOW HITPOINT WARNING * * *
You are poisoned.
The adder poisons you! The adder bites you.
* * * LOW HITPOINT WARNING * * *
Okay, then.
It was a potion of mutation.
You feel extremely strange.
You feel clumsy.
You feel less in control of your magic.
You feel clever.
* * * LOW HITPOINT WARNING * * *
You feel sick. The adder barely misses you.
It was a potion of haste.
You feel yourself speed up.
You feel sick. The adder bites you.
You die...
Your body disappears without a glow.

#...##
#.............#
#....#
#....>........#
#....#
#..............
#....#
##.............
#....# #.......))...#
##...##
#.......)....#
##...####.........)##
###..............)).
##@.............)).
#S#################
##g# ##o## #o.# ##o##
#.o# ##.## #..#


You could see an orc warrior, an orc priest, an adder, 2 orcs and a goblin.

Vanquished Creatures
  A scorpion (D:4)
  An orc priest (D:4)
  An orc wizard (D:4)
  3 gnolls (D:4)
  3 adders
  An adder skeleton (D:3)
  2 dart slugs
  6 orcs (D:4)
  4 ball pythons
  6 endoplasms
  2 giant cockroaches
  4 goblins
  6 hobgoblins
  2 kobolds
  A quokka (D:1)
  9 bats
  3 frilled lizards
  8 rats
63 creatures vanquished.

Notes
Turn   | Place    | Note
-------+----------+-------------------------------------------
     0 | D:1      | Descartes the Troll Warper began the quest for the Orb.
     0 | D:1      | Reached XP level 1. HP: 19/19 MP: 1/1
   100 | D:1      | Reached XP level 2. HP: 25/27 MP: 2/2
   888 | D:1      | Found a faded altar of an unknown god.
  1058 | D:1      | Prayed at the altar of an unknown god.
  1058 | D:1      | Became a worshipper of Nemelex Xobeh the Trickster
  1058 | D:1      | Reached * piety under Nemelex Xobeh
  1089 | D:2      | Reached XP level 3. HP: 24/33 MP: 3/3
  1360 | D:2      | Received a gift from Nemelex Xobeh
  1617 | D:3      | Reached ** piety under Nemelex Xobeh
  1650 | D:3      | Found a blossoming altar of Fedhas.
  1792 | D:3      | Reached XP level 4. HP: 34/41 MP: 4/4
  2037 | D:4      | Noticed a scorpion
  2040 | D:4      | Killed a scorpion
  2041 | D:4      | Reached skill level 1 in Invocations
  2041 | D:4      | Reached XP level 5. HP: 48/48 MP: 5/5
  2057 | D:4      | Received a gift from Nemelex Xobeh
  2250 | D:4      | Noticed an orc warrior
  2264 | D:4      | HP: 1/48 [adder (2)]
  2271 | D:4      | HP: 2/48 [adder (1)]
  2272 | D:4      | Gained mutation: You are clumsy. (Dex -2) [potion of
                  | mutation]
  2272 | D:4      | Gained mutation: Your spells are a little harder to cast,
                  | but a little more powerful. [potion of mutation]
  2272 | D:4      | Gained mutation: Your mind is acute. (Int +2) [potion of
                  | mutation]
  2273 | D:4      | Slain by an adder

Illustrated notes

Levels and vault maps discovered:
D:1:      dpeg_arrival_subterranean_lakeside_camping, layout_loops_corners,
          shapermc_ecumenical_altar_mp_vishouse
D:2:      layout_basic, serial_rivers, chequers_serial_rivers_large_a,
          chequers_serial_rivers_micro_d, chequers_serial_rivers_small_b,
          chequers_serial_rivers_marsh, chequers_serial_rivers_room_b,
          chequers_serial_rivers_micro_c, serial_bayou_pond_e
D:3:      layout_basic, fedhas_altar_fruit_tree, hex_medium
D:4:      layout_cave_pods, okawaru_gym_becter, nicolae_ossuary_entry_monument

Skill      XL: |  1  2  3  4  5 |
---------------+----------------+-----
Dodging        | 2 3 |  3.1
Unarmed Combat | 3 |  3.5
Invocations    | 1 2 |  2.0
Translocations | 3 |  3.1
Fighting       | |  1.5
Throwing       | |  0.8
Spellcasting   | |  1.2

Action                   |  1- 3 |  4- 6 || total
-------------------------+-------+-------++-------
Melee: Unarmed           |   127 |    58 ||   185
       Punch             |     1 |       ||     1
  Use: Scroll            |       |     3 ||     3
       Potion            |       |     2 ||     2
Armor: Robe              |    59 |    25 ||    84
Dodge: Dodged            |    83 |    46 ||   129
